Map: [ESL] Ghost River

Players

Scarlett

  • Race: Zerg Zerg
  • Spawn Location: 1:00

Astrea - Winner!

  • Race: Protoss Protoss
  • Spawn Location: 11:00

Event: ESL SC2 Masters 2024 Spring (Regional)

VOD

Have the link to the VOD?

Description

Time

  • Played on: May 5, 2024, 12:32 p.m.
  • Length: 19:15

All games in this series

Show
View Real Time Build Order
Export as new Build Order

Scarlett Zerg 

Build Orders: Pool First, Swarm Host 

Get SALT Encoding   

  12  0:00  Drone  
  13  0:08  Drone  
  14  0:14  Extractor  
  14  0:15  Drone  
  15  0:29  Spawning Pool  
  14  0:35  Overlord  
  14  0:42  Extractor  
  14  0:43  Drone  
  15  0:54  Drone  
  16  1:00  Drone  
  17  1:15  Zergling x4  
  19  1:19  Zergling x2  
  19  1:21  Hatchery  
  19  1:32  Zergling x2  
  20  1:34  Queen  
  22  1:43  Overlord  
  22  1:46  Extractor  
  21  1:52  Drone  
  21  2:08  Drone  
  21  2:13  Queen  
  24  2:18  Drone  
  25  2:31  Drone  
  25  2:36  Drone x2  
  26  2:41  Queen  
  27  2:44  Drone  
  27  2:45  Drone  
  27  2:46  Drone x2  
  27  2:49  Queen  
  33  2:56  Metabolic Boost  
  33  3:01  Overlord  
  33  3:03  Zergling x2  
  34  3:10  Zergling x2  
  34  3:11  Drone  
  36  3:25  Drone  
  36  3:26  Drone x5  
  42  3:30  Overlord  
  42  3:42  Overlord, Drone  
  43  3:49  Drone  
  43  3:50  Drone x3  
  47  3:56  Hatchery  
  47  4:00  Drone x4  
  50  4:07  Queen  
  50  4:09  Overlord  
  52  4:23  Drone x6  
  58  4:28  Extractor, Drone  
  58  4:29  Roach Warren, Extractor  
  56  4:32  Drone x3  
  56  4:35  Extractor  
  56  4:38  Lair  
  58  4:42  Drone  
  58  4:43  Drone x2  
  61  4:46  Overlord  
  61  4:55  Evolution Chamber, Drone  
  61  5:02  Drone x7  
  68  5:11  Roach x3  
  74  5:18  Overlord  
  74  5:21  Zerg Missile Weapons Level 1  
  74  5:25  Drone x3  
  77  5:32  Roach x2  
  77  5:33  Overlord x2  
  81  5:36  Overlord  
  81  5:37  Drone  
  81  5:45  Overlord, Drone x4  
  81  5:47  Overlord, Extractor  
  81  5:48  Roach x2  
  88  5:52  Roach  
  89  5:58  Roach x2  
  89  5:59  Ravager x5  
  89  6:03  Drone x3  
  101  6:04  Glial Reconstitution  
  100  6:12  Drone x3  
  100  6:15  Extractor  
  100  6:16  Overlord, Drone x2  
  100  6:17  Zergling x4  
  106  6:20  Infestation Pit  
  106  6:23  Zergling x4  
  107  6:31  Zergling x12  
  113  6:39  Spore Crawler  
  112  6:40  Drone x2  
  112  6:44  Zergling x8  
  118  6:50  Zergling x8  
  118  6:53  Hatchery  
  121  6:56  Zergling x2  
  119  7:14  Overlord, Swarm Host x6  
  137  7:17  Overlord x3  
  137  7:18  Zerg Missile Weapons Level 2  
  137  7:22  Overseer  
  136  7:30  Overlord  
  136  7:37  Swarm Host x5  
  136  7:41  Swarm Host  
  136  7:42  Swarm Host x2  
  163  7:46  Overlord x4  
  160  7:54  Roach x3  
  166  8:04  Roach  
  166  8:05  Roach x2  
  172  8:08  Roach x3  
  172  8:12  Roach x4  
  186  8:14  Ravager x3  
  186  8:16  Zergling x6  
  192  8:25  Roach x2  
  194  8:38  Roach x2, Zergling x2  
  195  8:48  Roach x3  
  188  9:00  Roach x10  
  176  9:04  Roach x5  
  176  9:09  Roach  
  188  9:10  Roach x3  
  188  9:16  Roach x2  
  179  9:22  Roach x3  
  176  9:33  Swarm Host x7  
  183  9:39  Roach  
  172  9:51  Swarm Host x4  
  172  9:58  Drone  
  172  9:59  Baneling Nest  
  174  10:00  Zergling x12, Roach x3  
  178  10:07  Roach x3  
  182  10:17  Drone x2  
  184  10:24  Roach x7  
  198  10:29  Ravager x2  
  200  10:42  Centrifugal Hooks  
  193  10:51  Roach  
  193  10:52  Roach x3  
  195  10:59  Roach x3  
  197  11:04  Roach x3  
  200  11:28  Zergling x20  
  197  11:35  Ravager x2  
  197  11:37  Zergling x2  
  200  11:49  Baneling x10  
  200  11:50  Zerg Melee Weapons Level 1, Baneling x8  
  200  11:51  Hatchery  
  200  11:52  Baneling x4  
  193  12:10  Zergling x24  
  200  12:20  Roach x5, Zergling x2  
  197  12:27  Zergling x12  
  189  12:37  Zergling x16  
  184  12:51  Roach x4  
  163  12:54  Swarm Host x2  
  163  12:56  Queen x4  
  163  12:57  Swarm Host  
  163  12:58  Swarm Host x3  
  176  13:04  Roach  
  176  13:05  Roach x3  
  182  13:13  Roach x4  
  187  13:21  Swarm Host x2  
  187  13:22  Zergling x2  
  187  13:23  Zergling x4  
  187  13:24  Overseer  
  189  13:27  Baneling x14  
  189  13:43  Zergling x22  
  189  13:46  Baneling x11  
  189  13:47  Baneling x3  
  189  13:48  Overseer  
  200  13:49  Infestation Pit  
  200  13:50  Hive  
  200  13:52  Hatchery  
  192  14:09  Drone x5  
  195  14:16  Ravager  
  185  14:20  Spine Crawler  
  185  14:21  Spore Crawler  
  183  14:27  Zergling x36  
  166  14:43  Zergling x20  
  174  14:51  Roach x3  
  179  14:58  Roach x2  
  179  15:03  Roach x2, Roach Warren  
  176  15:07  Swarm Host x2  
  176  15:13  Swarm Host x2  
  161  15:14  Queen x2  
  161  15:15  Queen  
  161  15:28  Swarm Host x2  
  145  15:31  Spawning Pool  
  145  15:33  Overlord x2, Lair  
  139  15:47  Overlord x5  
  118  16:01  Hatchery  
  108  16:12  Drone x8  
  115  16:21  Drone x5  
  119  16:27  Queen x2  
  123  16:33  Drone x3  
  123  16:35  Roach  
  123  16:36  Queen  
  123  16:38  Infestation Pit  
  129  16:42  Roach  
  129  16:46  Ravager  
  132  16:48  Roach x2  
  132  16:52  Ravager x10  
  146  17:02  Queen  
  146  17:04  Roach x7  
  162  17:12  Drone  
  155  17:20  Swarm Host x6  
  166  17:38  Overlord x4  
  166  17:40  Extractor  
  166  17:41  Extractor  
  166  17:42  Drone x3  
  166  17:43  Overlord x4  
  165  17:57  Nydus Network  
  164  18:03  Drone x13  
  164  18:04  Extractor  
  164  18:05  Extractor  
  175  18:09  Roach x3  
  181  18:13  Roach x2  
  171  18:29  Roach x6  
  158  18:37  Roach  
  156  18:42  Drone x6  
  156  18:46  Roach, Extractor  
  156  18:47  Extractor  
  162  18:50  Drone x6  
Show
View Real Time Build Order
Export as new Build Order

Astrea Protoss - Winner!

Build Orders: 1 Gate Expand, Phoenix Opening 

Get SALT Encoding   

  12  0:00  Probe  
  13  0:12  Probe  
  14  0:17  Pylon  
  14  0:24  Probe (Chrono Boost)  
  16  0:36  Probe (Chrono Boost)  
  16  0:37  Gateway  
  16  0:43  Probe (Chrono Boost)  
  16  0:46  Assimilator  
  17  0:51  Probe  
  18  1:03  Probe  
  19  1:15  Probe  
  20  1:25  Cybernetics Core  
  20  1:31  Nexus  
  20  1:38  Zealot (Chrono Boost)  
  22  1:46  Pylon  
  22  1:47  Probe  
  23  2:04  Probe, Adept (Chrono Boost)  
  23  2:07  Warp Gate  
  26  2:16  Probe  
  27  2:28  Probe  
  27  2:40  Probe  
  28  2:48  Probe (Chrono Boost)  
  31  2:52  Sentry  
  31  2:54  Probe (Chrono Boost)  
  32  3:00  Probe (Chrono Boost)  
  34  3:05  Probe (Chrono Boost)  
  34  3:08  Probe (Chrono Boost)  
  34  3:10  Probe (Chrono Boost)  
  36  3:14  Probe  
  37  3:20  Probe  
  37  3:26  Probe, Nexus  
  39  3:32  Probe  
  39  3:34  Gateway  
  40  3:38  Probe  
  40  3:39  Twilight Council  
  41  3:41  Assimilator  
  41  3:43  Phoenix  
  41  3:44  Probe  
  42  3:51  Probe  
  42  3:53  Assimilator  
  43  3:56  Probe  
  43  4:00  Pylon  
  44  4:03  Probe  
  44  4:06  Blink (Chrono Boost)  
  44  4:08  Gateway  
  44  4:09  Probe  
  46  4:18  Probe  
  46  4:21  Probe  
  46  4:22  Pylon  
  48  4:27  Zealot  
  48  4:30  Probe  
  48  4:31  Sentry  
  53  4:33  Probe  
  53  4:38  Probe, Shield Battery  
  55  4:42  Probe  
  55  4:45  Probe  
  57  4:48  Stalker  
  57  4:50  Shield Battery, Probe  
  60  4:54  Stalker, Probe  
  60  4:57  Probe  
  64  5:02  Probe  
  64  5:04  Stalker  
  64  5:06  Probe  
  68  5:09  Probe  
  68  5:12  Stalker  
  71  5:14  Probe  
  71  5:19  Probe  
  71  5:20  Forge x2  
  73  5:21  Probe  
  73  5:23  Pylon  
  73  5:24  Robotics Facility  
  73  5:26  Probe  
  75  5:31  Probe  
  75  5:33  Probe  
  77  5:41  Probe  
  78  5:43  Probe  
  78  5:44  Pylon  
  78  5:45  Probe  
  78  5:47  Gateway  
  78  5:48  Protoss Ground Weapons Level 1 (Chrono Boost), Protoss Ground Armor Level 1 (Chrono Boost)  
  78  5:49  Stalker x2, Gateway  
  84  5:51  Gateway  
  85  5:58  Assimilator  
  85  6:02  Stalker  
  87  6:08  Pylon  
  87  6:09  Shield Battery  
  87  6:10  Observer, Shield Battery  
  84  6:11  Shield Battery  
  84  6:14  Stalker x2  
  84  6:15  Shield Battery  
  89  6:20  Assimilator  
  89  6:22  Pylon, Photon Cannon  
  89  6:32  Stalker  
  91  6:38  Probe  
  92  6:41  Stalker x2  
  92  6:42  Warp Prism, Stalker  
  92  6:45  Probe  
  99  6:50  Nexus  
  99  6:52  Pylon  
  99  6:53  Stalker  
  99  6:54  Stalker  
  93  7:16  Photon Cannon, Probe x3  
  93  7:17  Charge (Chrono Boost), Assimilator  
  93  7:18  Zealot x6  
  93  7:19  Shield Battery  
  93  7:22  Protoss Ground Weapons Level 2 (Chrono Boost), Protoss Ground Armor Level 2 (Chrono Boost)  
  108  7:28  Probe  
  109  7:30  Probe  
  109  7:32  Probe  
  111  7:41  Probe  
  111  7:42  Probe  
  111  7:43  Stalker x2  
  117  7:47  Pylon  
  117  7:48  Pylon x2  
  117  8:01  Probe x2  
  117  8:02  Zealot x4  
  127  8:07  Zealot, Gateway  
  127  8:08  Observer, Gateway  
  127  8:09  Zealot  
  127  8:10  Gateway  
  127  8:12  Gateway  
  132  8:17  Probe  
  132  8:18  Probe x3  
  136  8:22  Robotics Bay, Robotics Facility  
  136  8:29  Probe  
  136  8:30  Probe  
  136  8:36  Zealot x6  
  143  8:52  Pylon  
  143  8:55  Pylon x2  
  131  8:58  Pylon  
  131  8:59  Pylon, Stalker x5  
  131  9:03  Stalker  
  131  9:08  Stalker x2  
  131  9:09  Stalker  
  125  9:28  Nexus  
  125  9:32  Probe  
  125  9:35  Protoss Ground Weapons Level 3 (Chrono Boost), Protoss Ground Armor Level 3 (Chrono Boost)  
  122  9:50  Nexus  
  122  9:52  Pylon  
  122  10:13  Probe  
  123  10:18  Assimilator  
  123  10:19  Assimilator  
  123  10:20  Pylon  
  123  10:21  Disruptor (Chrono Boost)  
  123  10:23  Probe  
  123  10:25  Zealot, Shield Battery  
  123  10:26  Zealot x5  
  123  10:28  Pylon  
  140  10:31  Zealot x2  
  140  10:36  Probe  
  140  10:39  Zealot x2  
  141  10:54  Disruptor (Chrono Boost)  
  141  11:00  Zealot x8  
  147  11:14  Zealot x2  
  135  11:27  Disruptor (Chrono Boost)  
  135  11:29  Assimilator  
  135  11:30  Assimilator  
  135  11:31  Assimilator  
  139  11:33  Nexus  
  139  11:34  Zealot x5  
  149  11:43  Zealot x4  
  157  11:52  Disruptor (Chrono Boost)  
  161  12:04  Zealot x2  
  161  12:05  Zealot x5  
  173  12:13  Zealot x3  
  153  12:25  Disruptor  
  153  12:28  Zealot x5  
  153  12:33  Zealot x2  
  129  12:54  Zealot x9  
  143  13:05  Observer  
  137  13:11  Templar Archives  
  138  13:24  Disruptor (Chrono Boost)  
  138  13:26  Zealot x9  
  150  13:35  Protoss Shields Level 1, Shield Battery  
  150  13:48  High Templar x4  
  152  13:49  High Templar x4  
  152  13:50  Zealot  
  152  13:54  Archon x2  
  163  13:56  Archon  
  163  13:58  Archon  
  158  14:03  Probe x3  
  159  14:15  Probe x3  
  156  14:22  Zealot x3  
  156  14:23  Zealot x5  
  166  14:25  Nexus  
  129  14:50  Zealot x4, High Templar x4  
  129  14:52  Probe x3  
  145  14:56  Archon x2  
  139  15:04  Probe  
  139  15:07  Probe x2  
  137  15:16  Probe  
  137  15:19  Probe x2  
  132  15:28  Probe  
  115  15:30  Disruptor  
  115  15:31  Probe  
  115  15:32  Probe  
  117  15:40  Probe  
  116  15:55  Zealot x7  
  125  16:10  Disruptor  
  127  16:28  Probe x3  
  130  16:38  High Templar x2  
  130  16:39  Zealot x6  
  146  16:40  Probe x3  
  146  16:41  Cybernetics Core  
  146  16:42  Archon  
  149  16:47  Photon Cannon  
  149  16:53  Warp Prism  
  151  17:16  Nexus  
  149  17:25  Stalker x4  
  157  17:55  Stalker x6  
  169  18:10  High Templar x2  
  154  18:37  Observer (Chrono Boost)  
  154  18:40  High Templar x2  
  154  18:41  High Templar x4  
  163  18:42  Zealot x2  
  163  18:46  Archon x3  
Tags
 
Add a new tag
Caveats
  • Supply blocks, unpowered buildings, or Contaminate may cause inaccurate times.
  • Supply counts are checked every 10 seconds.